Chicago Black Hawks vs St.Louis Blues
(R1)
Created - Tuesday, May 2, 2023 at 07:02
Goals
|
| Chicago Black Hawks |
0 |
1 |
2 |
3 |
| St.Louis Blues |
1 |
0 |
1 |
2 |
|
Shots
|
| Chicago Black Hawks |
13 |
13 |
7 |
33 |
| St.Louis Blues |
9 |
13 |
14 |
36 |
|
1st period
1. St.Louis Blues , Joe Pavelski 9 (Tage Thompson 12, Alex DeBrincat 17) at 14:01
Penalties :
Morgan Rielly (STL) for Cross-checking (Minor) at 2:43, Steven Stamkos (CHI) for Hooking (Minor) at 3:44, Johan Larsson (CHI) for Cross-checking (Minor) at 18:35
2nd period
2. Chicago Black Hawks , Chris Kreider 16 (Nikolaj Ehlers 13, Phillip Danault 12) at 10:43
Penalties :
Tage Thompson (STL) for Cross-checking (Minor) at 6:14, Rasmus Ristolainen (CHI) for Interference (Minor) at 13:41
3rd period
3. Chicago Black Hawks , Matthew Tkachuk 11 (Steven Stamkos 34) at 3:03
4. Chicago Black Hawks , Travis Konecny 17 (Bo Horvat 21, Mikhail Sergachev 13) at 18:35
5. St.Louis Blues , Robert Thomas 11 (Evander Kane 14, Joe Pavelski 18) at 19:56
Penalties :
Johan Larsson (CHI) for Hooking (Minor) at 16:26
Goalie Stats
Ilya Sorokin (CHI), 34 saves from 36 shots - (0.944), W, 19-9-3, 60:00 minutes
Frederik Andersen (STL), 30 saves from 33 shots - (0.909), L, 16-10-1, 60:00 minutes
Players Stats for Chicago Black Hawks
Player Name G A P +/- PIM S H SB GA TA FO MP PP MP PK MP
------------------------------------------------------------------------------------
Barclay Goodrow 0 0 0 0 0 2 0 1 0 0 2/6 11:28 0:00 4:18
Bo Horvat 0 1 1 1 0 2 1 0 0 0 8/12 16:34 1:20 2:03
Brent Burns 0 0 0 1 0 3 0 1 0 1 0/0 25:20 1:55 2:51
Cal Clutterbuck 0 0 0 0 0 0 0 0 0 0 0/2 7:15 0:00 0:49
Chris Kreider 1 0 1 -1 0 4 1 0 0 0 0/0 13:53 0:00 1:49
Devon Toews 0 0 0 1 0 1 0 3 0 0 0/0 26:26 1:05 3:49
Johan Larsson 0 0 0 1 4 1 2 1 0 0 3/4 17:46 0:00 0:00
Lawson Crouse 0 0 0 0 0 0 0 0 0 0 0/0 6:27 1:22 2:01
Matthew Tkachuk 1 0 1 1 0 2 2 0 1 0 0/2 19:51 0:59 1:08
Mikhail Sergachev 0 1 1 -1 0 0 0 0 0 0 0/0 22:20 1:55 3:15
Nicolas Hague 0 0 0 1 0 3 2 0 0 0 0/0 12:44 0:00 1:19
Nikolaj Ehlers 0 1 1 0 0 1 0 1 0 0 0/0 12:12 0:18 0:02
Phillip Danault 0 1 1 -1 0 4 0 0 1 0 4/10 16:02 2:01 0:51
Rasmus Andersson 0 0 0 1 0 0 1 1 0 0 0/0 13:11 0:00 0:00
Rasmus Ristolainen 0 0 0 -1 2 1 2 0 0 1 0/0 18:40 0:00 2:42
Steven Stamkos 0 1 1 1 2 0 1 1 3 2 11/31 19:38 2:00 0:00
Travis Konecny 1 0 1 1 0 4 3 0 1 0 0/0 15:38 0:59 0:55
Vladimir Tarasenko 0 0 0 0 0 5 1 0 0 0 1/1 16:35 1:05 0:00
Players Stats for St.Louis Blues
Player Name G A P +/- PIM S H SB GA TA FO MP PP MP PK MP
------------------------------------------------------------------------------------
Adam Pelech 0 0 0 0 0 0 0 0 0 0 0/0 13:16 0:00 2:22
Alex DeBrincat 0 1 1 1 0 4 3 0 0 0 3/6 18:06 2:56 0:05
Alex Pietrangelo 0 0 0 1 0 1 1 3 1 1 0/0 25:50 2:22 0:11
Alex Tuch 0 0 0 -1 0 3 1 0 0 0 1/3 16:31 0:04 0:00
Colton Parayko 0 0 0 1 0 2 0 2 0 1 0/0 22:58 0:01 0:38
Curtis Lazar 0 0 0 0 0 0 3 0 0 1 0/0 7:11 0:04 0:00
Danny DeKeyser 0 0 0 0 0 0 0 0 0 0 0/0 13:16 0:00 2:22
Evander Kane 0 1 1 0 0 2 3 0 0 0 0/0 14:51 2:55 0:00
Frederick Gaudreau 0 0 0 1 0 3 0 0 0 0 4/5 12:45 3:58 2:03
Jack Eichel 0 0 0 -1 0 3 2 0 0 0 3/6 15:40 3:58 0:00
Jake Guentzel 0 0 0 -2 0 5 1 0 3 0 2/2 20:47 4:36 0:00
Jimmy Vesey 0 0 0 -1 0 3 3 0 0 0 0/0 9:20 0:04 2:03
Joe Pavelski 1 1 2 1 0 2 2 0 0 1 7/14 17:59 3:58 0:00
Jonas Brodin 0 0 0 -1 0 1 1 1 0 1 0/0 15:58 0:00 0:27
Morgan Rielly 0 0 0 -2 2 1 2 0 0 0 0/0 20:27 4:37 0:00
Ondrej Kase 0 0 0 -1 0 0 0 0 0 0 0/0 12:33 0:00 0:52
Robert Thomas 1 0 1 -1 0 4 1 0 0 0 19/32 20:14 2:55 0:57
Tage Thompson 0 1 1 0 2 2 2 0 0 1 0/0 18:18 2:22 0:00
3 Stars
1 - Joe Pavelski (STL)
2 - Travis Konecny (CHI)
3 - Ilya Sorokin (CHI)
Power Play
Chicago Black Hawks - 0 on 2 Attempt(s) - 0.00%
St.Louis Blues - 0 on 4 Attempt(s) - 0.00%
Penalty Kill
Chicago Black Hawks - 4 on 4 Attempt(s) - 100.00%
- Score 0 goal in Penalty Kill
St.Louis Blues - 2 on 2 Attempt(s) - 100.00%
- Score 0 goal in Penalty Kill
Team Stat
Chicago Black Hawks - Hits : 16 - Faceoff Wins : 29 - Blocked Shots : 9 - Penalty Minutes : 8
St.Louis Blues - Hits : 25 - Faceoff Wins : 39 - Blocked Shots : 6 - Penalty Minutes : 4
Official
Referees : Jon Mclsaac and TJ Luxmore
Linesman : Derek Amell and Shandor Alphonso
Game Notes
Lawson Crouse is injured at 7:15 of 2nd period (Strained Right Elbow)
Finance
Level 1 -- Attendance: 5953 (99.22%) -- Ticket Income $577,441
Level 2 -- Attendance: 4495 (89.90%) -- Ticket Income $256,215
Level 3 -- Attendance: 3000 (100.00%) -- Ticket Income $102,000
Level 4 -- Attendance: 4765 (95.30%) -- Ticket Income $109,595
Luxury Box -- Attendance: 999 (99.90%) -- Ticket Income $193,806
Game was played at the Scottrade Center.
Total Attendance: 19212 (96.06%)
Total Ticket Income: $1,239,057
Other Income: $433,670
Total Income: $1,672,727
Chicago Black Hawks
5 vs 5 Forward
Center Left Wing Right Wing Time % Phy DF OF
1 Steven Stamkos Matthew Tkachuk Johan Larsson 40 0 1 4
2 Bo Horvat Travis Konecny Vladimir Tarasenko 30 0 1 4
3 Phillip Danault Nikolaj Ehlers Chris Kreider 20 0 2 3
4 Barclay Goodrow Cal Clutterbuck Lawson Crouse 10 0 2 3
5 vs 5 Defense
Defense Defense Time % Phy DF OF
1 Brent Burns Devon Toews 40 0 2 3
2 Rasmus Ristolainen Mikhail Sergachev 30 0 2 3
3 Rasmus Andersson Nicolas Hague 20 0 4 1
4 Mikhail Sergachev Rasmus Andersson 10 0 3 2
PowerPlay Forward
Center Left Wing Right Wing Time % Phy DF OF
1 Steven Stamkos Phillip Danault Lawson Crouse 60 0 0 5
2 Bo Horvat Matthew Tkachuk Travis Konecny 40 0 0 5
PowerPlay Defense
Defense Defense Time % Phy DF OF
1 Brent Burns Mikhail Sergachev 60 0 0 5
2 Devon Toews Vladimir Tarasenko 40 0 0 5
Penalty Kill 4 Players Forward
Center Wing Time % Phy DF OF
1 Barclay Goodrow Lawson Crouse 60 0 5 0
2 Phillip Danault Cal Clutterbuck 40 0 5 0
Penalty Kill 4 Players Defense
Defense Defense Time % Phy DF OF
1 Devon Toews Rasmus Ristolainen 60 0 5 0
2 Brent Burns Mikhail Sergachev 40 0 5 0
Penalty Kill - 3 Players Forward
Forward Time % Phy DF OF
1 Barclay Goodrow 60 0 5 0
2 Phillip Danault 40 0 5 0
Penalty Kill - 3 Players Defense
Defense Defense Time % Phy DF OF
1 Rasmus Ristolainen Mikhail Sergachev 60 0 5 0
2 Devon Toews Nicolas Hague 40 0 5 0
4 vs 4 Forward
Center Wing Time % Phy DF OF
1 Phillip Danault Nikolaj Ehlers 60 0 2 3
2 Bo Horvat Vladimir Tarasenko 40 0 2 3
4 vs 4 Defense
Defense Defense Time % Phy DF OF
1 Nicolas Hague Rasmus Ristolainen 60 0 4 1
2 Devon Toews Brent Burns 40 0 2 3
Last Minutes Offensive
Center Left Wing Right Wing Defense Defense
Steven Stamkos Vladimir Tarasenko Matthew Tkachuk Brent Burns Devon Toews
Last Minutes Defensive
Center Left Wing Right Wing Defense Defense
Barclay Goodrow Lawson Crouse Phillip Danault Rasmus Ristolainen Brent Burns
Goaltenders
Starting : Ilya Sorokin
Backup : Jordan Binnington
Extra Forwards
Normal : Lawson Crouse, Vladimir Tarasenko, Phillip Danault - PP : Bo Horvat, Nikolaj Ehlers - PK : Bo Horvat
Extra Defensemen
Normal : Rasmus Ristolainen, Nicolas Hague, Devon Toews - PP : Rasmus Ristolainen - PK : Nicolas Hague, Devon Toews
Penalty Shots
Phillip Danault, Vladimir Tarasenko, Devon Toews, Bo Horvat, Rasmus Ristolainen
St.Louis Blues
5 vs 5 Forward
Center Left Wing Right Wing Time % Phy DF OF
1 Robert Thomas Alex Tuch Jake Guentzel 40 0 2 3
2 Joe Pavelski Alex DeBrincat Tage Thompson 30 0 2 3
3 Jack Eichel Evander Kane Ondrej Kase 20 1 2 2
4 Frederick Gaudreau Jimmy Vesey Curtis Lazar 10 1 3 1
5 vs 5 Defense
Defense Defense Time % Phy DF OF
1 Alex Pietrangelo Colton Parayko 40 1 2 2
2 Morgan Rielly Jonas Brodin 30 1 2 2
3 Danny DeKeyser Adam Pelech 20 1 2 2
4 Alex Pietrangelo Colton Parayko 10 1 2 2
PowerPlay Forward
Center Left Wing Right Wing Time % Phy DF OF
1 Joe Pavelski Jack Eichel Frederick Gaudreau 60 1 0 4
2 Robert Thomas Alex DeBrincat Evander Kane 40 1 0 4
PowerPlay Defense
Defense Defense Time % Phy DF OF
1 Morgan Rielly Jake Guentzel 60 0 1 4
2 Tage Thompson Alex Pietrangelo 40 0 1 4
Penalty Kill 4 Players Forward
Center Wing Time % Phy DF OF
1 Frederick Gaudreau Jimmy Vesey 60 1 4 0
2 Robert Thomas Ondrej Kase 40 1 4 0
Penalty Kill 4 Players Defense
Defense Defense Time % Phy DF OF
1 Adam Pelech Danny DeKeyser 60 2 3 0
2 Jonas Brodin Colton Parayko 40 2 3 0
Penalty Kill - 3 Players Forward
Forward Time % Phy DF OF
1 Frederick Gaudreau 60 0 5 0
2 Robert Thomas 40 0 5 0
Penalty Kill - 3 Players Defense
Defense Defense Time % Phy DF OF
1 Adam Pelech Danny DeKeyser 60 1 4 0
2 Jonas Brodin Colton Parayko 40 1 4 0
4 vs 4 Forward
Center Wing Time % Phy DF OF
1 Alex DeBrincat Tage Thompson 60 0 2 3
2 Robert Thomas Jake Guentzel 40 0 2 3
4 vs 4 Defense
Defense Defense Time % Phy DF OF
1 Alex Pietrangelo Colton Parayko 60 0 3 2
2 Morgan Rielly Jonas Brodin 40 0 3 2
Last Minutes Offensive
Center Left Wing Right Wing Defense Defense
Robert Thomas Alex Tuch Jake Guentzel Tage Thompson Morgan Rielly
Last Minutes Defensive
Center Left Wing Right Wing Defense Defense
Frederick Gaudreau Jimmy Vesey Ondrej Kase Colton Parayko Alex Pietrangelo
Goaltenders
Starting : Frederik Andersen
Backup : Scott Wedgewood
Extra Forwards
Normal : Tage Thompson, Evander Kane, Frederick Gaudreau - PP : Alex DeBrincat, Jack Eichel - PK : Tage Thompson
Extra Defensemen
Normal : Morgan Rielly, Colton Parayko, Adam Pelech - PP : Jonas Brodin - PK : Colton Parayko, Alex Pietrangelo
Penalty Shots
Alex DeBrincat, Joe Pavelski, Tage Thompson, Jake Guentzel, Robert Thomas
% Time on Ice - Chicago Black Hawks
Lines # - Real PCT - Wanted PCT - Time Play
Normal Forward
1 - 38% - 40% - 18:30
2 - 27% - 30% - 13:11
3 - 22% - 20% - 10:54
4 - 13% - 10% - 6:26
Normal Defense
1 - 42% - 40% - 20:46
2 - 31% - 30% - 15:04
3 - 20% - 20% - 9:57
4 - 7% - 10% - 3:14
PP Forward
1 - 67% - 60% - 2:01
2 - 33% - 40% - 0:59
PP Defense
1 - 64% - 60% - 1:55
2 - 36% - 40% - 1:05
PK Forward
1 - 88% - 60% - 6:09
2 - 12% - 40% - 0:49
PK Defense
1 - 59% - 60% - 4:07
2 - 41% - 40% - 2:51
PK3 Forward
1 - 0% - 60%
2 - 0% - 40%
PK3 Defense
1 - 0% - 60%
2 - 0% - 40%
44 Forward
1 - 100% - 60% - 0:58
2 - 0% - 40% - 0:00
44 Defense
1 - 100% - 60% - 0:58
2 - 0% - 40% - 0:00
Last Minute Offensive - 0:00
Last Minute Defensive - 0:03
Total
Forward - 60:00
Defense - 60:00
|
% Time on Ice - St.Louis Blues
Lines # - Real PCT - Wanted PCT - Time Play
Normal Forward
1 - 34% - 40% - 16:26
2 - 29% - 30% - 14:20
3 - 24% - 20% - 11:41
4 - 13% - 10% - 6:34
Normal Defense
1 - 39% - 40% - 19:13
2 - 34% - 30% - 16:29
3 - 22% - 20% - 10:53
4 - 5% - 10% - 2:26
PP Forward
1 - 58% - 60% - 4:03
2 - 42% - 40% - 2:55
PP Defense
1 - 66% - 60% - 4:37
2 - 34% - 40% - 2:21
PK Forward
1 - 71% - 60% - 2:08
2 - 29% - 40% - 0:52
PK Defense
1 - 79% - 60% - 2:22
2 - 21% - 40% - 0:38
PK3 Forward
1 - 0% - 60%
2 - 0% - 40%
PK3 Defense
1 - 0% - 60%
2 - 0% - 40%
44 Forward
1 - 100% - 60% - 0:58
2 - 0% - 40% - 0:00
44 Defense
1 - 100% - 60% - 0:58
2 - 0% - 40% - 0:00
Last Minute Offensive - 0:03
Last Minute Defensive - 0:00
Total
Forward - 60:00
Defense - 60:00
|
Play-by-Play
1st period
0:01 of 1st period - Robert Thomas wins face-off versus Johan Larsson in neutral zone.
0:28 of 1st period - Snap shot by Vladimir Tarasenko.
0:28 of 1st period - Stopped by Frederik Andersen without a rebound.
0:29 of 1st period - Joe Pavelski wins face-off versus Bo Horvat in St.Louis Blues zone.
0:44 of 1st period - Snap shot by Joe Pavelski.
0:44 of 1st period - Shot Misses the Net.
1:08 of 1st period - Snap shot by Vladimir Tarasenko.
1:08 of 1st period - Deflect By Bo Horvat.
1:08 of 1st period - Shot Misses the Net.
1:08 of 1st period - Puck is out of play.
1:09 of 1st period - Jack Eichel wins face-off versus Phillip Danault in St.Louis Blues zone.
1:36 of 1st period - Matthew Tkachuk is hit by Alex Tuch and loses puck.
2:23 of 1st period - Snap shot by Travis Konecny.
2:23 of 1st period - Stopped by Frederik Andersen with a rebound.
2:26 of 1st period - Icing by Tage Thompson.
2:27 of 1st period - Bo Horvat wins face-off versus Joe Pavelski in St.Louis Blues zone.
2:36 of 1st period - Wrist shot by Tage Thompson.
2:36 of 1st period - Shot Misses the Net.
2:43 of 1st period - Minor Penalty to Morgan Rielly for Cross-checking.
2:44 of 1st period - Frederick Gaudreau wins face-off versus Steven Stamkos in St.Louis Blues zone.
3:22 of 1st period - Wrist shot by Travis Konecny.
3:22 of 1st period - Stopped by Frederik Andersen without a rebound.
3:23 of 1st period - Frederick Gaudreau wins face-off versus Steven Stamkos in St.Louis Blues zone.
3:44 of 1st period - Minor Penalty to Steven Stamkos for Hooking.
3:45 of 1st period - Alex DeBrincat wins face-off versus Phillip Danault in Chicago Black Hawks zone.
3:54 of 1st period - Slapshot by Tage Thompson.
3:54 of 1st period - Shot Blocked by Nikolaj Ehlers.
3:56 of 1st period - Wrist shot by Tage Thompson.
3:56 of 1st period - Deflect By Rasmus Ristolainen.
3:56 of 1st period - Shot Misses the Net.
3:56 of 1st period - Puck is out of play.
3:57 of 1st period - Phillip Danault wins face-off versus Alex DeBrincat in Chicago Black Hawks zone.
4:08 of 1st period - Wrist shot by Phillip Danault.
4:08 of 1st period - Deflect By Nikolaj Ehlers.
4:08 of 1st period - Shot Blocked by Alex Pietrangelo.
4:08 of 1st period - Puck is out of play.
4:09 of 1st period - Alex DeBrincat wins face-off versus Phillip Danault in St.Louis Blues zone.
4:22 of 1st period - Slapshot by Tage Thompson.
4:22 of 1st period - Stopped by Ilya Sorokin without a rebound.
4:23 of 1st period - Alex DeBrincat wins face-off versus Phillip Danault in Chicago Black Hawks zone.
4:36 of 1st period - Slapshot by Tage Thompson.
4:36 of 1st period - Deflect By Alex DeBrincat.
4:36 of 1st period - Stopped by Ilya Sorokin with a rebound.
4:38 of 1st period - Wrist shot by Alex Pietrangelo.
4:38 of 1st period - Stopped by Ilya Sorokin with a rebound.
4:40 of 1st period - Wrist shot by Alex DeBrincat.
4:40 of 1st period - Stopped by Ilya Sorokin with a rebound.
4:43 of 1st period - Penalty to Morgan Rielly is over, Morgan Rielly is back on ice.
5:44 of 1st period - Penalty to Steven Stamkos is over, Steven Stamkos is back on ice.
5:49 of 1st period - Matthew Tkachuk is hit by Curtis Lazar and loses puck.
6:09 of 1st period - Slapshot by Tage Thompson.
6:09 of 1st period - Stopped by Ilya Sorokin with a rebound.
7:07 of 1st period - Wrist shot by Vladimir Tarasenko.
7:07 of 1st period - Shot Misses the Net.
7:48 of 1st period - Snap shot by Joe Pavelski.
7:48 of 1st period - Deflect By Rasmus Ristolainen.
7:48 of 1st period - Stopped by Ilya Sorokin without a rebound.
7:49 of 1st period - Robert Thomas wins face-off versus Steven Stamkos in Chicago Black Hawks zone.
7:58 of 1st period - Slapshot by Jake Guentzel.
7:58 of 1st period - Shot Misses the Net.
8:16 of 1st period - Jack Eichel is hit by Chris Kreider and loses puck.
8:37 of 1st period - Wrist shot by Frederick Gaudreau.
8:37 of 1st period - Stopped by Ilya Sorokin with a rebound.
8:39 of 1st period - Wrist shot by Frederick Gaudreau.
8:39 of 1st period - Shot Misses the Net.
8:45 of 1st period - Vladimir Tarasenko is hit by Alex Pietrangelo and loses puck.
8:58 of 1st period - Bo Horvat is hit by Jimmy Vesey and loses puck.
9:15 of 1st period - Slapshot by Travis Konecny.
9:15 of 1st period - Shot Blocked by Colton Parayko.
9:17 of 1st period - Snap shot by Bo Horvat.
9:17 of 1st period - Stopped by Frederik Andersen without a rebound.
9:18 of 1st period - Robert Thomas wins face-off versus Steven Stamkos in St.Louis Blues zone.
9:35 of 1st period - Robert Thomas is hit by Johan Larsson and loses puck.
10:22 of 1st period - Slapshot by Chris Kreider.
10:22 of 1st period - Stopped by Frederik Andersen without a rebound.
10:23 of 1st period - Bo Horvat wins face-off versus Robert Thomas in St.Louis Blues zone.
10:53 of 1st period - Phillip Danault is hit by Alex DeBrincat and loses puck.
11:18 of 1st period - Snap shot by Evander Kane.
11:18 of 1st period - Deflect By Jack Eichel.
11:18 of 1st period - Shot Misses the Net.
11:18 of 1st period - Puck is out of play.
11:19 of 1st period - Steven Stamkos wins face-off versus Alex Tuch in Chicago Black Hawks zone.
11:19 of 1st period - Steven Stamkos is hit by Jake Guentzel.
11:34 of 1st period - Off-side.
11:35 of 1st period - Phillip Danault wins face-off versus Robert Thomas in neutral zone.
11:44 of 1st period - Wrist shot by Nikolaj Ehlers.
11:44 of 1st period - Stopped by Frederik Andersen with a rebound.
12:12 of 1st period - Snap shot by Alex DeBrincat.
12:12 of 1st period - Stopped by Ilya Sorokin with a rebound.
12:32 of 1st period - Brent Burns is hit by Evander Kane and loses puck.
14:01 of 1st period - Snap shot by Joe Pavelski.
14:01 of 1st period - Goal by Joe Pavelski - Chicago Black Hawks : 0 - St.Louis Blues : 1.
14:02 of 1st period - Johan Larsson wins face-off versus Robert Thomas in neutral zone.
14:57 of 1st period - Off-side.
14:58 of 1st period - Steven Stamkos wins face-off versus Joe Pavelski in neutral zone.
15:23 of 1st period - Colton Parayko is hit by Bo Horvat and loses puck.
15:30 of 1st period - Wrist shot by Evander Kane.
15:30 of 1st period - Deflect By Jack Eichel.
15:30 of 1st period - Shot Misses the Net.
15:30 of 1st period - Puck is out of play.
15:31 of 1st period - Jake Guentzel wins face-off versus Steven Stamkos in Chicago Black Hawks zone.
15:58 of 1st period - Rasmus Ristolainen is hit by Jonas Brodin and loses puck.
16:52 of 1st period - Snap shot by Barclay Goodrow.
16:52 of 1st period - Stopped by Frederik Andersen with a rebound.
16:54 of 1st period - Wrist shot by Barclay Goodrow.
16:54 of 1st period - Stopped by Frederik Andersen with a rebound.
17:04 of 1st period - Wrist shot by Frederick Gaudreau.
17:04 of 1st period - Shot Blocked by Devon Toews.
17:25 of 1st period - Wrist shot by Vladimir Tarasenko.
17:25 of 1st period - Stopped by Frederik Andersen without a rebound.
17:26 of 1st period - Bo Horvat wins face-off versus Robert Thomas in St.Louis Blues zone.
18:03 of 1st period - Wrist shot by Vladimir Tarasenko.
18:03 of 1st period - Stopped by Frederik Andersen with a rebound.
18:05 of 1st period - Slapshot by Rasmus Andersson.
18:05 of 1st period - Shot Misses the Net.
18:07 of 1st period - Wrist shot by Bo Horvat.
18:07 of 1st period - Stopped by Frederik Andersen with a rebound.
18:09 of 1st period - Snap shot by Vladimir Tarasenko.
18:09 of 1st period - Stopped by Frederik Andersen with a rebound.
18:11 of 1st period - Slapshot by Nicolas Hague.
18:11 of 1st period - Stopped by Frederik Andersen without a rebound.
18:12 of 1st period - Steven Stamkos wins face-off versus Robert Thomas in St.Louis Blues zone.
18:35 of 1st period - Minor Penalty to Johan Larsson for Cross-checking.
18:36 of 1st period - Joe Pavelski wins face-off versus Barclay Goodrow in Chicago Black Hawks zone.
19:09 of 1st period - Barclay Goodrow is hit by Tage Thompson.
19:35 of 1st period - Snap shot by Phillip Danault.
19:35 of 1st period - Shot Misses the Net.
19:41 of 1st period - Brent Burns is hit by Evander Kane.
Goals for this period are 0 for Chicago Black Hawks vs 1 for St.Louis Blues.
Shots for this period are 13 for Chicago Black Hawks vs 9 for St.Louis Blues.
2nd period
0:01 of 2nd period - Joe Pavelski wins face-off versus Barclay Goodrow in neutral zone.
0:27 of 2nd period - Barclay Goodrow is hit by Morgan Rielly and loses puck.
0:35 of 2nd period - Penalty to Johan Larsson is over, Johan Larsson is back on ice.
0:48 of 2nd period - Slapshot by Frederick Gaudreau.
0:48 of 2nd period - Stopped by Ilya Sorokin with a rebound.
0:50 of 2nd period - Wrist shot by Frederick Gaudreau.
0:50 of 2nd period - Stopped by Ilya Sorokin without a rebound.
0:51 of 2nd period - Frederick Gaudreau wins face-off versus Bo Horvat in Chicago Black Hawks zone.
0:54 of 2nd period - Wrist shot by Jimmy Vesey.
0:54 of 2nd period - Stopped by Ilya Sorokin without a rebound.
0:55 of 2nd period - Robert Thomas wins face-off versus Matthew Tkachuk in Chicago Black Hawks zone.
0:56 of 2nd period - Backhand shot by Jake Guentzel.
0:56 of 2nd period - Stopped by Ilya Sorokin without a rebound.
0:57 of 2nd period - Robert Thomas wins face-off versus Steven Stamkos in Chicago Black Hawks zone.
1:36 of 2nd period - Wrist shot by Alex DeBrincat.
1:36 of 2nd period - Stopped by Ilya Sorokin with a rebound.
3:20 of 2nd period - Wrist shot by Chris Kreider.
3:20 of 2nd period - Shot Misses the Net.
3:22 of 2nd period - Backhand shot by Nicolas Hague.
3:22 of 2nd period - Stopped by Frederik Andersen with a rebound.
3:24 of 2nd period - Slapshot by Nicolas Hague.
3:24 of 2nd period - Stopped by Frederik Andersen with a rebound.
3:34 of 2nd period - Ondrej Kase is hit by Rasmus Ristolainen and loses puck.
4:34 of 2nd period - Chris Kreider is hit by Joe Pavelski and loses puck.
4:51 of 2nd period - Jonas Brodin is hit by Johan Larsson.
5:33 of 2nd period - Morgan Rielly is hit by Travis Konecny and loses puck.
5:54 of 2nd period - Jonas Brodin is hit by Steven Stamkos and loses puck.
6:14 of 2nd period - Minor Penalty to Tage Thompson for Cross-checking.
6:15 of 2nd period - Steven Stamkos wins face-off versus Frederick Gaudreau in St.Louis Blues zone.
6:22 of 2nd period - Wrist shot by Phillip Danault.
6:22 of 2nd period - Stopped by Frederik Andersen with a rebound.
6:24 of 2nd period - Slapshot by Brent Burns.
6:24 of 2nd period - Shot Misses the Net.
7:14 of 2nd period - Lawson Crouse is hit by Alex DeBrincat and loses puck.
7:15 of 2nd period - Lawson Crouse from Chicago Black Hawks is injured at 7:15 of 2nd period (Strained Right Elbow).
7:16 of 2nd period - Frederick Gaudreau wins face-off versus Bo Horvat in Chicago Black Hawks zone.
8:03 of 2nd period - Snap shot by Ondrej Kase.
8:03 of 2nd period - Deflect By Robert Thomas.
8:03 of 2nd period - Stopped by Ilya Sorokin with a rebound.
8:14 of 2nd period - Penalty to Tage Thompson is over, Tage Thompson is back on ice.
8:21 of 2nd period - Slapshot by Vladimir Tarasenko.
8:21 of 2nd period - Stopped by Frederik Andersen with a rebound.
8:52 of 2nd period - Wrist shot by Chris Kreider.
8:52 of 2nd period - Shot Misses the Net.
8:59 of 2nd period - Off-side.
9:00 of 2nd period - Steven Stamkos wins face-off versus Robert Thomas in neutral zone.
9:11 of 2nd period - Wrist shot by Jake Guentzel.
9:11 of 2nd period - Stopped by Ilya Sorokin with a rebound.
9:33 of 2nd period - Snap shot by Phillip Danault.
9:33 of 2nd period - Stopped by Frederik Andersen with a rebound.
10:06 of 2nd period - Wrist shot by Jack Eichel.
10:06 of 2nd period - Stopped by Ilya Sorokin without a rebound.
10:07 of 2nd period - Jack Eichel wins face-off versus Matthew Tkachuk in Chicago Black Hawks zone.
10:25 of 2nd period - Off-side.
10:26 of 2nd period - Phillip Danault wins face-off versus Robert Thomas in neutral zone.
10:29 of 2nd period - Wrist shot by Nikolaj Ehlers.
10:29 of 2nd period - Shot Misses the Net.
10:39 of 2nd period - Wrist shot by Phillip Danault.
10:39 of 2nd period - Stopped by Frederik Andersen with a rebound.
10:43 of 2nd period - Backhand shot by Chris Kreider.
10:43 of 2nd period - Goal by Chris Kreider - Chicago Black Hawks : 1 - St.Louis Blues : 1.
10:44 of 2nd period - Steven Stamkos wins face-off versus Robert Thomas in neutral zone.
11:03 of 2nd period - Colton Parayko is hit by Matthew Tkachuk and loses puck.
11:26 of 2nd period - Snap shot by Jake Guentzel.
11:26 of 2nd period - Stopped by Ilya Sorokin with a rebound.
11:32 of 2nd period - Slapshot by Robert Thomas.
11:32 of 2nd period - Shot Blocked by Devon Toews.
11:34 of 2nd period - Wrist shot by Alex Tuch.
11:34 of 2nd period - Shot Misses the Net.
11:36 of 2nd period - Snap shot by Jake Guentzel.
11:36 of 2nd period - Shot Misses the Net.
11:38 of 2nd period - Slapshot by Colton Parayko.
11:38 of 2nd period - Deflect By Alex Tuch.
11:38 of 2nd period - Shot Blocked by Brent Burns.
11:38 of 2nd period - Puck is out of play.
11:39 of 2nd period - Bo Horvat wins face-off versus Alex DeBrincat in Chicago Black Hawks zone.
12:36 of 2nd period - Wrist shot by Jimmy Vesey.
12:36 of 2nd period - Shot Misses the Net.
12:38 of 2nd period - Wrist shot by Jimmy Vesey.
12:38 of 2nd period - Shot Misses the Net.
12:40 of 2nd period - Snap shot by Jimmy Vesey.
12:40 of 2nd period - Stopped by Ilya Sorokin without a rebound.
12:41 of 2nd period - Bo Horvat wins face-off versus Joe Pavelski in Chicago Black Hawks zone.
12:46 of 2nd period - Snap shot by Devon Toews.
12:46 of 2nd period - Stopped by Frederik Andersen without a rebound.
12:47 of 2nd period - Bo Horvat wins face-off versus Joe Pavelski in St.Louis Blues zone.
12:50 of 2nd period - Wrist shot by Bo Horvat.
12:50 of 2nd period - Shot Blocked by Alex Pietrangelo.
13:28 of 2nd period - Wrist shot by Travis Konecny.
13:28 of 2nd period - Stopped by Frederik Andersen without a rebound.
13:29 of 2nd period - Robert Thomas wins face-off versus Steven Stamkos in St.Louis Blues zone.
13:41 of 2nd period - Minor Penalty to Rasmus Ristolainen for Interference.
13:42 of 2nd period - Joe Pavelski wins face-off versus Barclay Goodrow in Chicago Black Hawks zone.
14:16 of 2nd period - Slapshot by Evander Kane.
14:16 of 2nd period - Shot Misses the Net.
15:41 of 2nd period - Penalty to Rasmus Ristolainen is over, Rasmus Ristolainen is back on ice.
15:48 of 2nd period - Travis Konecny is hit by Jimmy Vesey.
15:52 of 2nd period - Alex Tuch is hit by Nicolas Hague and loses puck.
16:04 of 2nd period - Alex Tuch is hit by Nicolas Hague and loses puck.
16:13 of 2nd period - Slapshot by Tage Thompson.
16:13 of 2nd period - Deflect By Alex Tuch.
16:13 of 2nd period - Stopped by Ilya Sorokin without a rebound.
16:14 of 2nd period - Steven Stamkos wins face-off versus Jack Eichel in Chicago Black Hawks zone.
16:14 of 2nd period - Steven Stamkos is hit by Jack Eichel.
16:22 of 2nd period - Slapshot by Johan Larsson.
16:22 of 2nd period - Stopped by Frederik Andersen without a rebound.
16:23 of 2nd period - Jack Eichel wins face-off versus Steven Stamkos in St.Louis Blues zone.
16:30 of 2nd period - Snap shot by Jack Eichel.
16:30 of 2nd period - Stopped by Ilya Sorokin without a rebound.
16:31 of 2nd period - Robert Thomas wins face-off versus Steven Stamkos in Chicago Black Hawks zone.
17:00 of 2nd period - Brent Burns is hit by Alex DeBrincat and loses puck.
17:27 of 2nd period - Snap shot by Travis Konecny.
17:27 of 2nd period - Deflect By Vladimir Tarasenko.
17:27 of 2nd period - Shot Misses the Net.
17:27 of 2nd period - Puck is out of play.
17:28 of 2nd period - Robert Thomas wins face-off versus Steven Stamkos in St.Louis Blues zone.
17:54 of 2nd period - Alex Pietrangelo is hit by Rasmus Ristolainen.
17:58 of 2nd period - Travis Konecny is hit by Joe Pavelski and loses puck.
18:15 of 2nd period - Wrist shot by Chris Kreider.
18:15 of 2nd period - Stopped by Frederik Andersen with a rebound.
18:17 of 2nd period - Slapshot by Phillip Danault.
18:17 of 2nd period - Deflect By Chris Kreider.
18:17 of 2nd period - Stopped by Frederik Andersen with a rebound.
19:03 of 2nd period - Steven Stamkos is hit by Curtis Lazar and loses puck.
19:20 of 2nd period - Slapshot by Devon Toews.
19:20 of 2nd period - Shot Blocked by Colton Parayko.
19:22 of 2nd period - Slapshot by Brent Burns.
19:22 of 2nd period - Stopped by Frederik Andersen without a rebound.
19:23 of 2nd period - Robert Thomas wins face-off versus Steven Stamkos in St.Louis Blues zone.
19:30 of 2nd period - Slapshot by Morgan Rielly.
19:30 of 2nd period - Deflect By Johan Larsson.
19:30 of 2nd period - Stopped by Ilya Sorokin without a rebound.
19:31 of 2nd period - Johan Larsson wins face-off versus Robert Thomas in Chicago Black Hawks zone.
Goals for this period are 1 for Chicago Black Hawks vs 0 for St.Louis Blues.
Shots for this period are 13 for Chicago Black Hawks vs 13 for St.Louis Blues.
3rd period
0:01 of 3rd period - Alex Tuch wins face-off versus Steven Stamkos in neutral zone.
0:26 of 3rd period - Tage Thompson is hit by Vladimir Tarasenko and loses puck.
0:53 of 3rd period - Snap shot by Evander Kane.
0:53 of 3rd period - Stopped by Ilya Sorokin without a rebound.
0:54 of 3rd period - Steven Stamkos wins face-off versus Jack Eichel in Chicago Black Hawks zone.
1:14 of 3rd period - Wrist shot by Evander Kane.
1:14 of 3rd period - Stopped by Ilya Sorokin with a rebound.
2:30 of 3rd period - Snap shot by Steven Stamkos.
2:30 of 3rd period - Deflect By Matthew Tkachuk.
2:30 of 3rd period - Stopped by Frederik Andersen with a rebound.
2:32 of 3rd period - Snap shot by Devon Toews.
2:32 of 3rd period - Shot Blocked by Jonas Brodin.
2:42 of 3rd period - Wrist shot by Matthew Tkachuk.
2:42 of 3rd period - Shot Misses the Net.
2:44 of 3rd period - Snap shot by Matthew Tkachuk.
2:44 of 3rd period - Shot Misses the Net.
3:03 of 3rd period - Snap shot by Matthew Tkachuk.
3:03 of 3rd period - Goal by Matthew Tkachuk - Chicago Black Hawks : 2 - St.Louis Blues : 1.
3:04 of 3rd period - Bo Horvat wins face-off versus Robert Thomas in neutral zone.
3:40 of 3rd period - Wrist shot by Chris Kreider.
3:40 of 3rd period - Shot Blocked by Alex Pietrangelo.
3:56 of 3rd period - Snap shot by Jimmy Vesey.
3:56 of 3rd period - Stopped by Ilya Sorokin without a rebound.
3:57 of 3rd period - Robert Thomas wins face-off versus Cal Clutterbuck in Chicago Black Hawks zone.
4:02 of 3rd period - Snap shot by Jake Guentzel.
4:02 of 3rd period - Deflect By Alex Tuch.
4:02 of 3rd period - Stopped by Ilya Sorokin with a rebound.
4:58 of 3rd period - Slapshot by Frederick Gaudreau.
4:58 of 3rd period - Shot Misses the Net.
5:21 of 3rd period - Icing by Rasmus Andersson.
5:22 of 3rd period - Robert Thomas wins face-off versus Phillip Danault in Chicago Black Hawks zone.
5:30 of 3rd period - Off-side.
5:31 of 3rd period - Steven Stamkos wins face-off versus Alex Tuch in neutral zone.
5:34 of 3rd period - Slapshot by Rasmus Ristolainen.
5:34 of 3rd period - Deflect By Jake Guentzel.
5:34 of 3rd period - Stopped by Frederik Andersen without a rebound.
5:35 of 3rd period - Robert Thomas wins face-off versus Steven Stamkos in St.Louis Blues zone.
5:35 of 3rd period - Robert Thomas is hit by Matthew Tkachuk.
6:31 of 3rd period - Wrist shot by Phillip Danault.
6:31 of 3rd period - Stopped by Frederik Andersen with a rebound.
6:52 of 3rd period - Wrist shot by Phillip Danault.
6:52 of 3rd period - Shot Misses the Net.
7:02 of 3rd period - Snap shot by Jake Guentzel.
7:02 of 3rd period - Stopped by Ilya Sorokin with a rebound.
7:04 of 3rd period - Snap shot by Robert Thomas.
7:04 of 3rd period - Stopped by Ilya Sorokin without a rebound.
7:05 of 3rd period - Robert Thomas wins face-off versus Steven Stamkos in Chicago Black Hawks zone.
7:20 of 3rd period - Wrist shot by Brent Burns.
7:20 of 3rd period - Stopped by Frederik Andersen without a rebound.
7:21 of 3rd period - Bo Horvat wins face-off versus Joe Pavelski in St.Louis Blues zone.
7:57 of 3rd period - Slapshot by Colton Parayko.
7:57 of 3rd period - Stopped by Ilya Sorokin with a rebound.
8:15 of 3rd period - Off-side.
8:16 of 3rd period - Steven Stamkos wins face-off versus Robert Thomas in neutral zone.
8:23 of 3rd period - Wrist shot by Steven Stamkos.
8:23 of 3rd period - Shot Hit the Post.
8:25 of 3rd period - Slapshot by Brent Burns.
8:25 of 3rd period - Stopped by Frederik Andersen without a rebound.
8:26 of 3rd period - Robert Thomas wins face-off versus Steven Stamkos in St.Louis Blues zone.
8:36 of 3rd period - Off-side.
8:37 of 3rd period - Robert Thomas wins face-off versus Steven Stamkos in neutral zone.
8:46 of 3rd period - Wrist shot by Matthew Tkachuk.
8:46 of 3rd period - Deflect By Johan Larsson.
8:46 of 3rd period - Shot Misses the Net.
8:46 of 3rd period - Puck is out of play.
8:47 of 3rd period - Robert Thomas wins face-off versus Steven Stamkos in St.Louis Blues zone.
8:51 of 3rd period - Off-side.
8:52 of 3rd period - Johan Larsson wins face-off versus Robert Thomas in neutral zone.
9:18 of 3rd period - Steven Stamkos is hit by Evander Kane.
9:42 of 3rd period - Snap shot by Joe Pavelski.
9:42 of 3rd period - Shot Misses the Net.
10:10 of 3rd period - Slapshot by Jonas Brodin.
10:10 of 3rd period - Stopped by Ilya Sorokin without a rebound.
10:11 of 3rd period - Robert Thomas wins face-off versus Cal Clutterbuck in Chicago Black Hawks zone.
10:12 of 3rd period - Wrist shot by Jake Guentzel.
10:12 of 3rd period - Shot Misses the Net.
10:14 of 3rd period - Snap shot by Robert Thomas.
10:14 of 3rd period - Shot Blocked by Barclay Goodrow.
10:26 of 3rd period - Wrist shot by Jake Guentzel.
10:26 of 3rd period - Shot Misses the Net.
10:45 of 3rd period - Colton Parayko is hit by Travis Konecny and loses puck.
11:04 of 3rd period - Johan Larsson is hit by Jimmy Vesey and loses puck.
11:42 of 3rd period - Tage Thompson is hit by Rasmus Andersson and loses puck.
11:51 of 3rd period - Snap shot by Joe Pavelski.
11:51 of 3rd period - Shot Misses the Net.
12:09 of 3rd period - Alex Pietrangelo is hit by Travis Konecny and loses puck.
12:53 of 3rd period - Snap shot by Jake Guentzel.
12:53 of 3rd period - Shot Misses the Net.
12:56 of 3rd period - Icing by Brent Burns.
12:57 of 3rd period - Robert Thomas wins face-off versus Phillip Danault in Chicago Black Hawks zone.
13:25 of 3rd period - Snap shot by Ondrej Kase.
13:25 of 3rd period - Shot Misses the Net.
14:11 of 3rd period - Phillip Danault is hit by Tage Thompson and loses puck.
14:28 of 3rd period - Snap shot by Alex Tuch.
14:28 of 3rd period - Stopped by Ilya Sorokin without a rebound.
14:29 of 3rd period - Jake Guentzel wins face-off versus Steven Stamkos in Chicago Black Hawks zone.
14:38 of 3rd period - Slapshot by Robert Thomas.
14:38 of 3rd period - Shot Blocked by Johan Larsson.
14:40 of 3rd period - Slapshot by Colton Parayko.
14:40 of 3rd period - Stopped by Ilya Sorokin without a rebound.
14:41 of 3rd period - Robert Thomas wins face-off versus Steven Stamkos in Chicago Black Hawks zone.
14:58 of 3rd period - Wrist shot by Jake Guentzel.
14:58 of 3rd period - Stopped by Ilya Sorokin without a rebound.
14:59 of 3rd period - Joe Pavelski wins face-off versus Bo Horvat in Chicago Black Hawks zone.
15:13 of 3rd period - Slapshot by Travis Konecny.
15:13 of 3rd period - Shot Misses the Net.
15:15 of 3rd period - Snap shot by Vladimir Tarasenko.
15:15 of 3rd period - Shot Misses the Net.
16:04 of 3rd period - Vladimir Tarasenko is hit by Curtis Lazar and loses puck.
16:26 of 3rd period - Minor Penalty to Johan Larsson for Hooking.
16:27 of 3rd period - Joe Pavelski wins face-off versus Barclay Goodrow in Chicago Black Hawks zone.
16:37 of 3rd period - Wrist shot by Jack Eichel.
16:37 of 3rd period - Stopped by Ilya Sorokin with a rebound.
16:39 of 3rd period - Slapshot by Jake Guentzel.
16:39 of 3rd period - Deflect By Jack Eichel.
16:39 of 3rd period - Shot Blocked by Devon Toews.
16:39 of 3rd period - Puck is out of play.
16:40 of 3rd period - Barclay Goodrow wins face-off versus Joe Pavelski in Chicago Black Hawks zone.
16:40 of 3rd period - Barclay Goodrow is hit by Jack Eichel.
16:54 of 3rd period - Wrist shot by Jack Eichel.
16:54 of 3rd period - Shot Misses the Net.
16:56 of 3rd period - Wrist shot by Frederick Gaudreau.
16:56 of 3rd period - Deflect By Joe Pavelski.
16:56 of 3rd period - Shot Misses the Net.
16:56 of 3rd period - Puck is out of play.
16:57 of 3rd period - Barclay Goodrow wins face-off versus Joe Pavelski in Chicago Black Hawks zone.
17:22 of 3rd period - Rasmus Ristolainen is hit by Morgan Rielly and loses puck.
17:33 of 3rd period - Snap shot by Robert Thomas.
17:33 of 3rd period - Stopped by Ilya Sorokin with a rebound.
18:26 of 3rd period - Penalty to Johan Larsson is over, Johan Larsson is back on ice.
18:35 of 3rd period - Snap shot by Travis Konecny.
18:35 of 3rd period - Goal by Travis Konecny - Chicago Black Hawks : 3 - St.Louis Blues : 1.
18:36 of 3rd period - Phillip Danault wins face-off versus Jack Eichel in neutral zone.
18:53 of 3rd period - Slapshot by Nikolaj Ehlers.
18:53 of 3rd period - Shot Misses the Net.
19:03 of 3rd period - Nicolas Hague is hit by Robert Thomas and loses puck.
19:08 of 3rd period - Slapshot by Alex Tuch.
19:08 of 3rd period - Shot Misses the Net.
19:10 of 3rd period - Slapshot by Adam Pelech.
19:10 of 3rd period - Deflect By Robert Thomas.
19:10 of 3rd period - Shot Blocked by Rasmus Andersson.
19:10 of 3rd period - Puck is out of play.
19:11 of 3rd period - Joe Pavelski wins face-off versus Steven Stamkos in Chicago Black Hawks zone.
19:12 of 3rd period - Wrist shot by Alex DeBrincat.
19:12 of 3rd period - Deflect By Tage Thompson.
19:12 of 3rd period - Shot Blocked by Steven Stamkos.
19:12 of 3rd period - Puck is out of play.
19:13 of 3rd period - Steven Stamkos wins face-off versus Alex DeBrincat in Chicago Black Hawks zone.
19:56 of 3rd period - Snap shot by Robert Thomas.
19:56 of 3rd period - Goal by Robert Thomas - Chicago Black Hawks : 3 - St.Louis Blues : 2.
19:57 of 3rd period - Vladimir Tarasenko wins face-off versus Robert Thomas in neutral zone.
Goals for this period are 2 for Chicago Black Hawks vs 1 for St.Louis Blues.
Shots for this period are 7 for Chicago Black Hawks vs 14 for St.Louis Blues.
Back to the Top